 Dungeon Crawl Stone Soup version 0.32-a0-818-gb728d0252e (webtiles) character file.

Game seed: 5873008628895543532

657 cforsyth the Caller (level 7, -2/36 HPs)
             Began as a Deep Elf Summoner on Mar 24, 2024.
             Slain by an iguana (12 damage)
             ... on level 6 of the Dungeon.
             The game lasted 00:08:59 (4381 turns).

cforsyth the Caller (Deep Elf Summoner)             Turns: 4381, Time: 00:09:00

Health: -2/36      AC:  4    Str:  5    XL:     7   Next: 29%
Magic:  16/17      EV: 13    Int: 22    God:
Gold:   342        SH:  0    Dex: 15    Spells: 7/17 levels left

rFire   . . .        d - +1 sling (freeze)
rCold   . . .        (no shield)
rNeg    . . .        a - +0 robe
rPois   .            e - +0 helmet
rElec   .            f - +0 cloak
rCorr   .            (no gloves)
SInv    +            (no boots)
Will    .....        (no amulet)
Stlth   +++          L - ring of flight
HPRegen 0.26/turn    v - ring of see invisible
MPRegen 0.15/turn

%: no passive effects
@: flying
A: no striking features
a: no special abilities


You were on level 6 of the Dungeon.
You visited 1 branch of the dungeon, and saw 6 of its levels.

You collected 342 gold pieces.


   Skills:
 + Level 5.0 Dodging
 + Level 5.3 Stealth
 + Level 5.7 Spellcasting
 + Level 5.9 Summonings
 + Level 2.9 Fire Magic


You had 7 spell levels left.
You knew the following spells:

 Your Spells              Type           Power      Damage    Failure   Level
c - Call Imp              Summ           64%        N/A       1%          2
f - Call Canine Familiar  Summ           32%        N/A       2%          3
z - Summon Small Mammal   Summ           100%       N/A       1%          1
X - Summon Blazeheart Go  Fire/Summ      25%        N/A       16%         4

Your spell library contained the following spells:

 Spells                   Type           Power      Damage    Failure   Level
 Freeze                   Ice            24%        1d4       10%         1
 Static Discharge         Conj/Air       12%        3-4/arc   14%         2
 Frozen Ramparts          Ice            12%        1d2       28%         3
 Hailstorm                Conj/Ice       6%         3d5       28%         3
 Summon Lightning Spire   Summ/Air       19%        N/A       28%         4
 Airstrike                Air            3%         2d(1-17)  67%         4

Inventory:

Hand Weapons
 d - a +1 sling of freezing (weapon)
Armour
 a - a +0 robe (worn)
 e - a +0 helmet (worn)
 f - a +0 cloak (worn)
Jewellery
 v - a ring of see invisible (right hand)
 L - a ring of flight (left hand)
Scrolls
 c - a scroll of torment {unknown}
 h - a scroll of brand weapon {unknown}
 i - 2 scrolls of identify {unknown}
 p - a scroll of noise {unknown}
 q - 2 scrolls of blinking {unknown}
 r - a scroll of amnesia {unknown}
 t - a scroll of teleportation {unknown}
 u - a scroll of vulnerability {unknown}
Potions
 b - 3 potions of magic
 g - a potion of lignification {unknown}
 j - a potion of haste {unknown}
 k - a potion of brilliance {unknown}
 l - a potion of cancellation {unknown}
 m - 2 potions of mutation {unknown}
 n - 2 potions of heal wounds {unknown}
 o - 6 potions of curing {unknown}
 s - 2 potions of enlightenment {unknown}

Dungeon Overview and Level Annotations

Branches:
Dungeon (6/15)
 Temple: D:4-7

Altars:
Fedhas
Okawaru
Uskayaw
Xom

Shops:
D:2 *

Annotations:
D:3 3 runed translucent doors, smashvw's ghost, amateur MiMo

##. .. .. #. #. #
.. ###.## .#.#..
#....##......
##...rl...#
#....@###
#.##)...###### #
#.##......###.###
##.#######........
#...# ###h...##.##
#...###...####
#...#...###
#<....### #...###


You could see an iguana (slow, ally target) and a friendly quokka (summoned).


Message History

The iguana seems to slow down.
The sling bullet freezes the iguana.
The iguana is lightly wounded.
The iguana misses you.
You shoot a sling bullet. The sling bullet hits the iguana.
The iguana seems to slow down.
The sling bullet freezes the iguana.
The iguana is heavily wounded.
The iguana bites you!
You shoot a sling bullet. The sling bullet hits the iguana.
The iguana seems to slow down.
The sling bullet freezes the iguana.
The iguana is severely wounded.
The iguana misses you.
You shoot a sling bullet.
The sling bullet barely misses the iguana.
The iguana bites you but does no damage.
You shoot a sling bullet.
The sling bullet hits the iguana but does no damage.
The iguana is severely wounded.
The iguana bites you!
You shoot a sling bullet.
The sling bullet hits the iguana but does no damage.
The iguana is severely wounded.
The iguana bites you!
* * * LOW HITPOINT WARNING * * *
You are too injured to fight recklessly!
You are too injured to fight recklessly!
Unknown command.
Casting: Summon Small Mammal (safe; 1% risk of failure)
Confirm with . or Enter, or press ? or * to list all spells.
The iguana bites you!
You die...

Skill      XL: |  1  2  3  4  5  6  7 |
---------------+----------------------+-----
Stealth        | 3 4 5 |  5.3
Dodging        | 3 4 5 |  5.0
Spellcasting   | 4 5 |  5.7
Summonings     | 5 |  5.9
Fire Magic     | 1 2 |  2.9

Action                     |  1- 3 |  4- 6 |  7- 9 || total
---------------------------+-------+-------+-------++-------
  Melee: Unarmed           |    18 |       |       ||    18
   Fire: Sling             |    80 |    95 |    13 ||   188
   Cast: Summon Small Mamm |    18 |    24 |     7 ||    49
         Call Imp          |       |    14 |     3 ||    17
         Call Canine Famil |       |     9 |     2 ||    11
   Stab: Sleeping          |     1 |       |       ||     1
 Armour: Robe              |    22 |    24 |     5 ||    51
  Dodge: Dodged            |    34 |    41 |     4 ||    79

Levels and vault maps discovered:
D:1:      dpeg_arrival_water_fire, layout_loops_ring, serial_glass,
          glass_columns_a, glass_columns_c, minmay_3d_cube
D:2:      layout_loops_cross, basic_altar, serial_shops, shop,
          chequers_serial_rivers_marsh
D:3:      layout_rooms, gammafunk_ghost_necromancy, serial_bayou_crossing
D:4:      layout_loops_cross, gammafunk_temple_overflow_forgotten
D:5:      layout_cave_pools, uniq_edmund
D:6:      layout_rooms, nicolae_sif_muna_little_library, serial_shops, shop

Notes
Turn   | Place    | Note
-------+----------+-------------------------------------------
     0 | D:1      | cforsyth the Deep Elf Summoner began the quest for the Orb.
     0 | D:1      | Reached XP level 1. HP: 10/10 MP: 6/6
   145 | D:1      | Reached XP level 2. HP: 15/15 MP: 5/8
   407 | D:1      | Reached skill level 3 in Stealth
   788 | D:1      | Reached skill level 3 in Dodging
   811 | D:1      | Reached XP level 3. HP: 19/19 MP: 10/10
  1180 | D:2      | Found a shimmering altar of Xom.
  1240 | D:2      | Found Zilih's General Store.
  1362 | D:2      | Reached XP level 4. HP: 24/24 MP: 11/11
  1418 | D:2      | Reached skill level 4 in Spellcasting
  1835 | D:3      | Found a runed translucent gate.
  1838 | D:3      | Found a runed translucent gate.
  1839 | D:3      | Found a runed translucent gate.
  1842 | D:3      | Noticed smashvw's ghost (amateur MiMo)
  2076 | D:3      | Reached skill level 5 in Summonings
  2133 | D:3      | Learned a level 2 spell: Call Imp
  2137 | D:3      | Learned a level 3 spell: Call Canine Familiar
  2470 | D:4      | Reached XP level 5. HP: 12/28 MP: 6/13
  2480 | D:4      | Reached skill level 4 in Stealth
  2567 | D:4      | Reached skill level 4 in Dodging
  2567 | D:4      | Reached skill level 1 in Fire Magic
  2613 | D:4      | Found a blossoming altar of Fedhas.
  2796 | D:4      | Reached XP level 6. HP: 32/32 MP: 15/15
  3076 | D:4      | Found a hide-covered altar of Uskayaw.
  3076 | D:4      | Found an iron altar of Okawaru.
  3182 | D:5      | Entered Level 5 of the Dungeon
  3188 | D:5      | Learned a level 4 spell: Summon Blazeheart Golem
  3199 | D:5      | Noticed Edmund
  3498 | D:5      | Killed Edmund
  3499 | D:5      | Reached skill level 5 in Spellcasting
  3499 | D:5      | Reached skill level 2 in Fire Magic
  3738 | D:5      | Reached skill level 5 in Stealth
  3902 | D:5      | Reached XP level 7. HP: 36/36 MP: 11/17
  4311 | D:6      | Reached skill level 5 in Dodging
  4381 | D:6      | Slain by an iguana

Vanquished Creatures
  An orc priest (D:4)
  A gnoll (D:5)
  4 adders
  A dart slug (D:1)
  A ribbon worm (D:3)
  2 orcs (D:4)
  8 ball pythons
  A bat (D:2)
  3 endoplasms
  3 giant cockroaches
  10 goblins
  5 hobgoblins
  4 quokkas
  3 frilled lizards (D:1)
  4 kobolds
  8 rats
59 creatures vanquished.

Vanquished Creatures (collateral kills)
  Edmund (D:5)
  An ogre (D:6)
  A jelly (D:5)
  A bombardier beetle (D:4)
  A hound (D:4)
  4 iguanas
  2 orc wizards
  2 gnolls (D:5)
  An adder (D:5)
  2 ufetubi (D:5)
  A dart slug (D:4)
  8 orcs
  2 endoplasms (D:1)
  A goblin (D:1)
  4 hobgoblins (D:1)
  3 kobolds (D:1)
  A ball python (D:1)
  A bat (D:1)
  A rat (D:1)
38 creatures vanquished.

Grand Total: 97 creatures vanquished

Table legend: (Time is in decaauts)
 A = Elapsed time spent in this place.
 B = Non-inter-level travel time spent in this place.
 C = Inter-level travel time spent in this place.
 D = Time resting spent in this place.
 E = Time spent auto-exploring this place.
 F = Levels seen in this place.
 G = Mean time per level.
                   A        B        C        D        E       F      G
               +--------+--------+--------+--------+--------+-----+--------+
         Total |   4453 |   4329 |    124 |    255 |   3129 |   6 |  742.2 |
       Dungeon |   4453 |   4329 |    124 |    255 |   3129 |   6 |  742.2 |
               +--------+--------+--------+--------+--------+-----+--------+

Top non-repeatable levels by time:
     D:1: 1140 daAuts
     D:5: 1092 daAuts
     D:4: 775 daAuts
     D:3: 759 daAuts
     D:2: 597 daAuts
     D:6: 88 daAuts

Table legend:
 A = Non-vault XP
 B = Vault XP
 C = Vault XP percentage of total XP
 D = Non-vault monster count
 E = Vault monster count
 F = Vault count percentage of total count
                 A         B        C        D         E       F
            +---------+---------+-------+---------+---------+-------
      Total |     771 |     168 |  17.9 |      93 |       4 |   4.1
            +---------+---------+-------+---------+---------+-------
        D:1 |      52 |       6 |  10.3 |      31 |       3 |   8.8
        D:2 |      59 |       0 |   0.0 |      15 |       0 |   0.0
        D:3 |      34 |       0 |   0.0 |      13 |       0 |   0.0
        D:4 |     233 |       0 |   0.0 |      19 |       0 |   0.0
        D:5 |     271 |     162 |  37.4 |      14 |       1 |   6.7
        D:6 |     122 |       0 |   0.0 |       1 |       0 |   0.0
            +---------+---------+-------+---------+---------+-------
